 Dungeon Crawl Stone Soup version 0.24-a0-333-g864f2b5 (webtiles) character file.

Game seed: 16974353965861044378

23 Stiffzip the Sneak (level 2, -3/13 HPs)
             Began as a Spriggan Enchanter on May 17, 2019.
             Slain by a centaur (9 damage)
             ... on level 6 of the Dungeon.
             The game lasted 00:02:14 (174 turns).

Stiffzip the Sneak (Spriggan Enchanter)              Turns: 174, Time: 00:02:14

Health: -3/13      AC:  2    Str:  4    XL:     2   Next: 72%
Magic:  6/6        EV: 18    Int: 16    God:
Gold:   0          SH:  0    Dex: 16    Spells: 5/6 levels left

rFire    . . .     SeeInvis +   a - +1 dagger
rCold    . . .     Gourm    .   (shield restricted)
rNeg     . . .     Faith    .   b - +0 robe
rPois    .         Spirit   .   (helmet restricted)
rElec    .         Reflect  .   (no cloak)
rCorr    .         Harm     .   (gloves unavailable)
MR       .....                  (boots unavailable)
Stlth    +++.......             (no amulet)
HPRegen  0.04/turn              (no ring)
MPRegen  0.10/turn              (no ring)

@: very quick
A: very small, unfitting armour, see invisible, herbivore, speed 3, slow
metabolism 2
a: no special abilities


You were on level 6 of the Dungeon.
You were not hungry.

You visited 1 branch of the dungeon, and saw 6 of its levels.

Inventory:

Hand Weapons
 a - a +1 dagger (weapon)
Missiles
 c - a throwing net (quivered)
Armour
 b - a +0 robe (worn)
Comestibles
 d - a ration


   Skills:
 * Level 2.3 Short Blades
 - Level 3.0 Dodging
 + Level 4.9 Stealth
 - Level 2.6 Spellcasting
 + Level 4.0 Hexes


You had 5 spell levels left.
You knew the following spells:

 Your Spells              Type           Power        Failure   Level  Hunger
a - Corona                Hex            ##.....      3%          1    #......

Your spell library contained the following spells:

 Spells                   Type           Power        Failure   Level  Hunger
 Confuse                  Hex            ##......     11%         3    ###....
 Tukima's Dance           Hex            ##......     11%         3    ###....
 Ensorcelled Hibernation  Hex/Ice        #.....       13%         2    ##.....
 Dazzling Spray           Conj/Hex       #.....       26%         3    ###....


Dungeon Overview and Level Annotations

Branches:
Dungeon (7/15)
 Temple: D:4-7

Altars:


Innate Abilities, Weirdness & Mutations

You are very small and have problems with some larger weapons.
You are too small for most types of armour.
You have supernaturally acute eyesight. (SInv)
You are a herbivore.
You cover ground extremely quickly.
You need to consume almost no food.


Message History

c - 2 throwing nets (gained 1)
The centaur closely misses you.
Throwing (i - inventory)
c - 2 throwing nets (quivered)
Press: ? - help, Shift-Dir - straight line, f/p - centaur
Aim: a centaur You throw a throwing net.
The throwing net hits the centaur.
The centaur is caught in the net!
The centaur struggles against the net. x2
You hit the centaur.
The centaur is lightly wounded.
The centaur struggles against the net.
You hit the centaur but do no damage.
The centaur is lightly wounded.
The centaur struggles against the net.
The net rips apart, and the centaur comes free!
The centaur closely misses you.
You hit the centaur.
The centaur is lightly wounded.
The centaur hits you!
Ouch! That really hurt!
You die...

## ############
....##..#...........
##
...#..##..........##.#
................###...
##..........(...##....
#..:.<......(##.>....#
........!...........#
.##...(.............
#@c.............#.
#..............>.#
#.................###
#..................#
#...............#...#
##.............###.##
#.##........... ### ##
#...!.#.... ####.#####


You could see a centaur.

Vanquished Creatures
  2 gnolls (D:7)
  A giant cockroach (D:2)
  A bat (D:3)
  A frilled lizard (D:1)
  A rat (D:1)
6 creatures vanquished.

Notes
Turn   | Place    | Note
-------+----------+-------------------------------------------
     0 | D:1      | Stiffzip the Spriggan Enchanter began the quest for the
                  | Orb.
     0 | D:1      | Reached XP level 1. HP: 9/9 MP: 5/5
   135 | D:4      | You fall through a shaft for 3 floors!
   136 | D:7      | Reached XP level 2. HP: 13/13 MP: 6/6
   160 | D:6      | Noticed a centaur
   174 | D:6      | Slain by a centaur

Levels and vault maps discovered:
D:1:      lightli_arrival_statue_moat, layout_basic
D:2:      layout_basic, lemuel_round_altar, okawaru_metal_pillars_3,
          grunt_ashenzari_visionary [grunt_ashenzari_visionary_swamp,
          grunt_ashenzari_visionary_snake], uniq_terence
D:3:      layout_loops_ring
D:4:      layout_loops_corners, serial_bayou, serial_bayou_shore_b,
          serial_bayou_pond_e, serial_bayou_ford_a, serial_bayou_lagoon_b
D:6:      layout_cave_pools, nicolae_tso_carved_into_rock, kennysheep_mini_moat,
          gammafunk_temple_overflow_arena, minmay_temple_entry_slanted,
          uniq_duvessa, uniq_prince_ribbit1, uniq_menkaure
D:7:      layout_gridville, gammafunk_ghost_icy

Skill      XL: |  1  2 |
---------------+-------+-----
Short Blades   | 2 |  2.3
Hexes          | 4 |  4.0
Dodging        | |  3.0
Stealth        | |  4.9
Spellcasting   | |  2.6

Action                   || total
-------------------------++-------
Melee: Dagger            ||    14
Throw: Throwing net      ||     2
 Cast: Corona            ||     1
 Stab: Sleeping          ||     5
Armor: Robe              ||     1
Dodge: Dodged            ||    13

Table legend:
 A = Non-vault XP
 B = Vault XP
 C = Vault XP percentage of total XP
 D = Non-vault monster count
 E = Vault monster count
 F = Vault count percentage of total count
                 A         B        C        D         E       F
            +---------+---------+-------+---------+---------+-------
      Total |      33 |       0 |   0.0 |       6 |       0 |   0.0
            +---------+---------+-------+---------+---------+-------
        D:1 |       2 |       0 |   0.0 |       2 |       0 |   0.0
        D:2 |       2 |       0 |   0.0 |       1 |       0 |   0.0
        D:3 |       1 |       0 |   0.0 |       1 |       0 |   0.0
        D:7 |      28 |       0 |   0.0 |       2 |       0 |   0.0
            +---------+---------+-------+---------+---------+-------
